 Dungeon Crawl Stone Soup version 0.29.1-12-g30fa7ad0bf (webtiles) character file.

Game seed: 18355666675504139071

25483 sankara the Severer (level 12, -1/115 HPs)
             Began as a Minotaur Fighter on Jan 7, 2023.
             Was an Initiate of Gozag.
             Slain by a seven-headed hydra (3 damage)
             ... on level 2 of the Lair of Beasts on Jan 8, 2023.
             The game lasted 00:45:31 (17152 turns).

sankara the Severer (Minotaur Fighter)             Turns: 17152, Time: 00:45:33

Health: -1/115     AC: 14    Str: 21    XL:     12   Next: 89%
Magic:  11/11      EV: 12    Int:  5    God:    Gozag
Gold:   1041       SH:  5    Dex: 15    Spells: 11/11 levels left

rFire   . . .      SeeInvis .   a - +0 war axe (flame)
rCold   . . .      Faith    .   c - +0 buckler
rNeg    + . .      Spirit   .   e - +2 scale mail {rPois}
rPois   +          Reflect  .   (helmet restricted)
rElec   .          Harm     .   n - +0 cloak
rCorr   +          Rampage  .   (no gloves)
Will    .....                   l - +0 pair of boots
Stlth   ..........              (no amulet)
HPRegen 0.29/turn               k - ring of resist corrosion
MPRegen 0.12/turn               I - ring of positive energy

@: no status effects
A: horns 2, retaliatory headbutt
a: Renounce Religion, Potion Petition, Call Merchant, Bribe Branch


You were on level 2 of the Lair of Beasts.
You worshipped Gozag.
Gozag was most pleased with you.
You visited 3 branches of the dungeon, and saw 16 of its levels.
You also visited: Sewer and Ossuary.

You collected 3122 gold pieces.
You spent 757 gold pieces at shops.
You paid 1324 gold pieces to Gozag.

Inventory:

Hand Weapons
 a - a +0 war axe of flaming (weapon)
 L - a +0 sling
Missiles
 h - 25 poisoned darts (quivered)
 y - 3 curare-tipped darts
 C - 2 javelins
 E - 2 boomerangs
 J - 3 silver boomerangs
 M - 9 throwing nets
 R - 3 atropa-tipped darts
Armour
 c - a +0 buckler (worn)
 e - a +2 scale mail of poison resistance (worn)
 l - a +0 pair of boots (worn)
 n - a +0 cloak (worn)
 D - the +1 plate armour of Resilience {Rampage Str+7}
   (You bought it in a shop on level 9 of the Dungeon)

   Str:       It affects your strength (+7).
   Rampage:   It bestows one free step when moving towards enemies.
Jewellery
 k - a ring of resist corrosion (left hand)
 G - an amulet of magic regeneration
 I - a ring of positive energy (right hand)
Wands
 d - a wand of mindburst (38)
 B - a wand of iceblast (3)
 P - a wand of light (5)
Scrolls
 b - 3 scrolls of brand weapon
 j - 2 scrolls of magic mapping {unknown}
 p - 3 scrolls of poison
 r - 3 scrolls of enchant weapon
 s - a scroll of blinking
 t - 4 scrolls of teleportation
 x - 2 scrolls of fear
 z - 5 scrolls of enchant armour
 A - 2 scrolls of summoning
 F - a scroll of fog
 H - 2 scrolls of identify
 K - a scroll of vulnerability {unknown}
 Q - a scroll of amnesia {unknown}
Potions
 f - 5 potions of curing
 g - 3 potions of heal wounds
 i - 4 potions of cancellation
 m - 2 potions of ambrosia
 o - 2 potions of magic
 q - 2 potions of attraction
 u - a potion of invisibility
 v - 3 potions of flight
 w - a potion of resistance
 N - 2 potions of might
 O - 2 potions of lignification


   Skills:
 + Level 13.5 Fighting
 - Level 16.0 Axes
 + Level 4.3 Throwing
 + Level 13.5 Armour
 + Level 4.6 Dodging
 - Level 5.0 Shields
 + Level 3.5 Evocations


You had 11 spell levels left.
You didn't know any spells.
Your spell library contained the following spells:

 Spells                   Type           Power      Damage    Failure   Level
 Beastly Appendage        Tmut           0%         N/A       82%         1
 Foxfire                  Conj/Fire      0%         2x1d4     82%         1
 Slow                     Hex            0%         N/A       82%         1
 Sublimation of Blood     Necr           0%         N/A       91%         2
 Wereblood                Tmut           0%         N/A       91%         2
 Confusing Touch          Hex            0%         N/A       99%         3
 Conjure Flame            Conj/Fire      0%         6-21      99%         3
 Gell's Gravitas          Tloc           0%         N/A       99%         3
 Inner Flame              Hex/Fire       0%         N/A       99%         3
 Lesser Beckoning         Tloc           0%         N/A       99%         3
 Spider Form              Tmut/Pois      0%         N/A       99%         3
 Teleport Other           Tloc           0%         N/A       99%         3
 Tukima's Dance           Hex            0%         N/A       99%         3
 Vampiric Draining        Necr           0%         2d6       99%         3
 Flame Wave               Conj/Fire      0%         2d4       100%        4
 Passage of Golubria      Tloc           0%         N/A       100%        4
 Petrify                  Tmut/Erth      0%         N/A       100%        4
 Irradiate                Conj/Tmut      0%         3d11      100%        5
 Yara's Violent Unravell  Hex/Tmut       0%         3d3       100%        5


Dungeon Overview and Level Annotations

Branches:
Dungeon (13/15)            Temple (1/1) D:6            Lair (2/5) D:11
    Orc (0/2) D:11          Sewer (visited)         Ossuary (visited)
  Swamp: Lair:2-3    Shoals: Lair:2-3     Snake: Lair:2-3    Spider: Lair:2-3
 Vaults: D:13-14

Altars:
Ashenzari
Cheibriados
Dithmenos
Elyvilon
Fedhas
Gozag
Hepliaklqana
Kikubaaqudgha
Makhleb
Nemelex Xobeh
Okawaru
Qazlal
Ru
Sif Muna
Trog
Uskayaw
Vehumet
Wu Jian
Xom
Yredelemnul
Zin
The Shining One

Shops:
D:9 **

Annotations:
D:11 2 transporters, boyan's ghost, journeyman DsBr


Innate Abilities, Weirdness & Mutations

You have a pair of horns on your head.
You reflexively headbutt those who attack you in melee.


Message History

Press: ? - help, Q - select action, (/) - cycle Shift-Dir - straight line, f/p - seven-headed hydra
Aim: a seven-headed hydra (heavily wounded, 82% to hit)
You throw a poisoned dart.
The poisoned dart barely misses the seven-headed hydra.
Unknown command.
Throw: 28 darts (poison)
Press: ? - help, Q - select action, (/) - cycle Shift-Dir - straight line, f/p - seven-headed hydra
Aim: a seven-headed hydra (heavily wounded, 82% to hit)
You throw a poisoned dart.
The poisoned dart completely misses the seven-headed hydra.
Unknown command.
Throw: 27 darts (poison)
Press: ? - help, Q - select action, (/) - cycle Shift-Dir - straight line, f/p - seven-headed hydra
Aim: a seven-headed hydra (heavily wounded, 82% to hit)
You throw a poisoned dart.
The poisoned dart hits the seven-headed hydra.
The seven-headed hydra is heavily wounded.
Throw: 26 darts (poison)
Press: ? - help, Q - select action, (/) - cycle Shift-Dir - straight line, f/p - seven-headed hydra
Aim: a seven-headed hydra (moderately wounded, 82% to hit)
Okay, then.
Unknown command.
Throw: 26 darts (poison)
Press: ? - help, Q - select action, (/) - cycle Shift-Dir - straight line, f/p - seven-headed hydra
Aim: a seven-headed hydra (moderately wounded, 82% to hit)
You throw a poisoned dart.
The poisoned dart hits the seven-headed hydra!
The seven-headed hydra is poisoned.
The seven-headed hydra is moderately wounded.
The seven-headed hydra bites you.
* * * LOW HITPOINT WARNING * * *
The seven-headed hydra closely misses you.
The seven-headed hydra bites you!
* * * LOW HITPOINT WARNING * * *
The seven-headed hydra bites you but does no damage.
The seven-headed hydra bites you.
* * * LOW HITPOINT WARNING * * *
The seven-headed hydra bites you.
You die...
Your body crumbles into a pile of gold.

## #.# ###.#..P.P# ##
###....## #####..###
.###### #P....#####.#
....... #...........#
...)... ##..........#
.......####.........##
......$+.##....(....#
($...(D@.##.........P#
.......#...>........##
.......#............#
.......###P...<.....#
#..+### ##....>....#
.. #######P. . ##


You could see a seven-headed hydra (very poisoned).

Vanquished Creatures
  Josephine (D:11)
  2 boulder beetles (D:11)
  A catoblepas (Lair:1)
  A hydra (Lair:1)
  2 two-headed ogres
  Erica (D:9)
  A deep elf pyromancer (D:12)
  A black mamba (Lair:1)
  A cane toad (Lair:1)
  A gargoyle (D:10)
  A rime drake (Lair:1)
  2 unseen horrors (D:11)
  Psyche (D:12)
  3 komodo dragons
  5 trolls
  6 blink frogs
  3 shadows (D:11)
  6 wraiths
  2 wyverns
  31 yaks
  Grum (D:11)
  A fire elemental (Lair:1)
  2 steam dragons
  3 vampire mosquitoes (D:11)
  An acid dragon (D:10)
  7 water moccasins
  6 black bears
  6 orc warriors
  3 ice beasts
  13 wolves
  3 centaurs
  An ogre (D:5)
  2 phantoms
  7 kobold brigands
  7 bullfrogs
  5 gnoll sergeants (D:10)
  3 necrophages
  5 scorpions
  10 wights
  7 killer bees
  A troll zombie (D:11)
  A lava snake (Lair:1)
  10 orc priests
  4 gnoll boudas
  5 hounds
  4 jellies
  2 iguanas
  16 orc wizards
  Natasha (thrice) (D:2)
  7 ogre zombies (D:11)
  3 mummies (Ossuary)
  25 gnolls
  13 adders
  3 river rats (Sewer)
  2 shadow imps
  An ufetubus (D:5)
  A worm (D:3)
  4 dart slugs
  45 orcs
  3 bats
  6 endoplasms
  6 giant cockroaches
  12 goblins
  11 hobgoblins
  11 jackals
  8 quokkas
  13 ball pythons
  7 frilled lizards
  5 goblin skeletons (D:11)
  2 goblin zombies
  7 hobgoblin zombies
  28 kobolds
  4 kobold zombies (Ossuary)
  2 orc skeletons (D:11)
  15 orc zombies
  9 rats
464 creatures vanquished.

Vanquished Creatures (others)
  48 fungi
  118 plants
166 creatures vanquished.

Grand Total: 630 creatures vanquished

Notes
Turn   | Place    | Note
-------+----------+-------------------------------------------
     0 | D:1      | sankara the Minotaur Fighter began the quest for the Orb.
     0 | D:1      | Reached XP level 1. HP: 19/19 MP: 0/0
   181 | D:1      | Reached XP level 2. HP: 27/27 MP: 1/1
   194 | D:1      | Found a faded altar of an unknown god.
   320 | D:1      | Reached skill level 3 in Axes
   760 | D:2      | Reached XP level 3. HP: 33/33 MP: 2/2
   774 | D:2      | Noticed Natasha
   779 | D:2      | Killed Natasha
   820 | D:2      | Reached XP level 4. HP: 36/40 MP: 3/3
   868 | D:2      | Found an iron altar of Okawaru.
   937 | D:2      | Noticed Natasha
   948 | D:2      | Killed Natasha
   949 | D:2      | Reached skill level 4 in Axes
  1245 | D:2      | Noticed Natasha
  1254 | D:2      | Killed Natasha
  1255 | D:2      | Reached XP level 5. HP: 35/47 MP: 4/4
  2307 | D:4      | Reached skill level 5 in Axes
  2484 | D:4      | Reached XP level 6. HP: 55/55 MP: 5/5
  2695 | D:4      | Reached skill level 5 in Fighting
  2695 | D:4      | Reached skill level 5 in Armour
  2695 | D:4      | Reached skill level 5 in Shields
  2770 | D:4      | HP: 1/56 [acid (5)]
  2772 | D:4      | Reached skill level 6 in Axes
  3077 | D:4      | Reached XP level 7. HP: 59/61 MP: 6/6
  3400 | D:5      | Entered Level 5 of the Dungeon
  3412 | D:5      | Reached skill level 7 in Axes
  3640 | D:5      | Found a sand-covered staircase.
  3647 | Ossuary  | Entered an ossuary
  3647 | Ossuary  | Noticed a wraith
  3647 | Ossuary  | Noticed a wraith
  3647 | Ossuary  | Noticed a wraith
  3834 | Ossuary  | Noticed a wraith
  3837 | Ossuary  | Killed a wraith
  4035 | D:5      | Found a glowing drain.
  4048 | Sewer    | Entered a sewer
  4085 | Sewer    | Reached skill level 8 in Axes
  4085 | Sewer    | Reached XP level 8. HP: 69/71 MP: 7/7
  5508 | D:6      | Found a hide-covered altar of Uskayaw.
  5540 | D:6      | Reached skill level 9 in Axes
  6035 | D:6      | Reached skill level 10 in Axes
  6035 | D:6      | Reached XP level 9. HP: 32/80 MP: 8/8
  6286 | D:6      | Found a staircase to the Ecumenical Temple.
  6306 | Temple   | Entered the Ecumenical Temple
  6470 | Temple   | Became a worshipper of Gozag Ym Sagoz the Greedy
  6537 | D:6      | Found a broken altar of Ashenzari.
  6940 | D:7      | Reached skill level 11 in Axes
  8139 | D:8      | Reached skill level 1 in Dodging
  8142 | D:8      | Reached skill level 12 in Axes
  8152 | D:8      | Reached XP level 10. HP: 91/91 MP: 9/9
  8157 | D:8      | Reached skill level 1 in Throwing
  8157 | D:8      | Reached skill level 1 in Evocations
  8975 | D:9      | Found Hifisacs's General Store.
  9014 | D:9      | Noticed Erica
  9042 | D:9      | Killed Erica
  9050 | D:8      | HP: 4/91 [poisoned by Erica (bolt of poison)]
  9403 | D:9      | Bought the +1 plate armour of Resilience {Rampage Str+7}
                  | for 646 gold pieces
  9423 | D:9      | Found a shadowy altar of Dithmenos.
  9461 | D:9      | Bought 2 javelins for 20 gold pieces
  9461 | D:9      | Bought a potion of heal wounds for 65 gold pieces
  9461 | D:9      | Bought a scroll of identify for 26 gold pieces
  9732 | D:9      | Reached skill level 13 in Axes
  9741 | D:9      | Reached skill level 10 in Armour
  9821 | D:9      | Found Roomu's General Store.
  9847 | D:9      | Reached skill level 10 in Fighting
 10276 | D:9      | Noticed a two-headed ogre
 10298 | D:9      | Killed a two-headed ogre
 10299 | D:9      | Reached XP level 11. HP: 100/100 MP: 10/10
 10446 | D:10     | Entered Level 10 of the Dungeon
 10953 | D:10     | Found a snail-covered altar of Cheibriados.
 10959 | D:10     | Reached skill level 14 in Axes
 11862 | D:11     | You fall into a shaft and drop 2 floors!
 11871 | D:12     | Noticed a deep elf pyromancer
 11878 | D:12     | Killed a deep elf pyromancer
 12012 | D:12     | Noticed Psyche
 12027 | D:12     | Killed Psyche
 12089 | D:11     | Noticed a two-headed ogre
 12109 | D:11     | Killed a two-headed ogre
 12403 | D:11     | Reached skill level 15 in Axes
 12503 | D:11     | Found a staircase to the Lair.
 12643 | D:11     | Found a hide-covered altar of Uskayaw.
 12647 | D:11     | Noticed a boulder beetle
 12650 | D:11     | Noticed Grum
 12692 | D:11     | Killed a boulder beetle
 12696 | D:11     | Killed Grum
 13225 | D:11     | Found a transporter.
 13245 | D:11     | Noticed boyan's ghost (journeyman DsBr)
 13280 | D:11     | Found a transporter.
 13290 | D:11     | Noticed a boulder beetle
 13302 | D:11     | Noticed Josephine
 13304 | D:11     | Killed a boulder beetle
 13305 | D:11     | Reached XP level 12. HP: 95/112 MP: 11/11
 13313 | D:11     | Killed Josephine
 13563 | D:11     | Found a staircase to the Orcish Mines.
 13581 | D:11     | Reached skill level 16 in Axes
 14048 | D:11     | Identified the +1 ring mail of the Shoals {rPois MP+9}
 14349 | Lair:1   | Entered Level 1 of the Lair of Beasts
 15488 | Lair:1   | Noticed an eight-headed hydra
 15497 | Lair:1   | Killed a seven-headed hydra
 15616 | Lair:1   | Noticed a catoblepas
 15633 | Lair:1   | Killed a catoblepas
 16468 | Lair:2   | Noticed a seven-headed hydra
 17152 | Lair:2   | HP: 5/115 [seven-headed hydra (8)]
 17152 | Lair:2   | HP: 2/115 [seven-headed hydra (3)]
 17152 | Lair:2   | Slain by a seven-headed hydra

Illustrated notes

Levels and vault maps discovered:
D:1:      psy_arrival_spokes, layout_loops_ring,
          dreamdust_ecumenical_altar_angels_and_demons,
          dreamdust_mushroom_princess
D:2:      cheibrodos_old_hovel, layout_basic, basic_altar, uniq_natasha
D:3:      layout_rooms
D:4:      layout_gridville, minivault_26
D:5:      layout_loops_corners, gup_sewer_entry_pipe,
          nicolae_ossuary_entry_monument
D:6:      layout_cave_pools, mainiacjoe_overflow_catch_the_wave,
          minmay_temple_entry_sparse_star
D:7:      corexii_shack_village, layout_loops_ring, minmay_stone_trees_medium
D:8:      layout_rooms
D:9:      layout_rooms, grunt_dithmenos_smoke, serial_corexii_hall,
          chequers_hall_statues_wall_a, chequers_hall_statues_corner_a,
          serial_shops, shop, nicolae_shop_stone, uniq_erica
D:10:     layout_cave_pools, overflow_temple_1_default, serial_gnoll_camp,
          gnoll_camp_mini_hut, gnoll_camp_medium_01, gnoll_camp_mini_sergeant,
          gnoll_camp_mini_house, gnoll_camp_mini_hut, gnoll_camp_mini_hut
D:11:     layout_stronghold, due_lair_maze_entry_diamond, zombieorc2_lemuel,
          gammafunk_ghost_berserking_beasts, kennysheep_small_circle,
          uniq_josephine, uniq_grum
D:12:     layout_cave_pools, uniq_psyche
D:13:     layout_basic, erik_vaults_1, serial_shops, kennysheep_mini
Temple:   regret_index_temple_chain_breaker
Lair:1:   layout_gridlike, grunt_megastairs_4
Lair:2:   layout_roguey

Skill      XL: |  1  2  3  4  5  6  7  8  9 10 11 12 |
---------------+-------------------------------------+-----
Axes           | 3 4 5 6 8 10 12 13 15 16 | 16.0
Armour         | 4 5 6 7 9 10 11 13 | 13.5
Fighting       | 4 5 6 7 9 10 11 13 | 13.5
Shields        | 4 5 |  5.0
Dodging        | 1 3 4 |  4.6
Throwing       | 3 4 |  4.3
Evocations     | 3 |  3.5

Action                   |  1- 3 |  4- 6 |  7- 9 | 10-12 || total
-------------------------+-------+-------+-------+-------++-------
Melee: War axe           |    48 |   150 |   368 |   638 ||  1204
       Headbutt          |     7 |    20 |    57 |   145 ||   229
Throw: Dart              |       |       |       |    40 ||    40
       Boomerang         |       |       |       |     8 ||     8
Invok: Potion Petition   |       |       |       |     3 ||     3
Evoke: Wand              |       |       |       |     7 ||     7
  Use: Scroll            |       |       |     9 |    16 ||    25
       Potion            |       |       |     1 |     2 ||     3
 Stab: Distracted        |       |       |     1 |     6 ||     7
       Invisible         |       |       |       |     6 ||     6
Armor: Scale mail        |    26 |    73 |    19 |    78 ||   196
       Chain mail        |       |       |    98 |       ||    98
       Plate armour      |       |       |    82 |   188 ||   270
Dodge: Dodged            |    16 |    56 |   110 |   249 ||   431
Block: Buckler           |     8 |    40 |    82 |   120 ||   250
